 Dungeon Crawl Stone Soup version 0.29.0-15-g675c0067aa (webtiles) character file.

Game seed: 11388762881105932347

104291 qw the Warrior (level 15, -9/149 HPs)
             Began as a Minotaur Berserker on Sept 12, 2022.
             Was an Elder of Trog.
             Mangled by an orc warlord
             ... wielding a +3 halberd of freezing
              (28 damage)
             ... on level 2 of the Orcish Mines.
             The game lasted 00:10:04 (28074 turns).

qw the Warrior (Minotaur Berserker)                Turns: 28074, Time: 00:10:05

Health: -9/149     AC: 21    Str: 34    XL:     15   Next: 91%
Magic:  14/14      EV: 10    Int:  8    God:    Trog [****..]
Gold:   2060       SH: 12    Dex:  9    Spells: 14/14 levels left

rFire   . . .      SeeInvis .   Y - +1 broad axe
rCold   . . .      Faith    .   u - +0 kite shield
rNeg    . . .      Spirit   .   f - +0 plate armour
rPois   +          Reflect  .   b - +2 hat
rElec   .          Harm     .   v - +1 cloak {Stlth+}
rCorr   .          Rampage  .   c - +0 pair of gloves
Will    +++..                   r - +0 pair of boots
Stlth   ..........              m - amulet of regeneration
HPRegen 2.14/turn               g - ring of poison resistance
MPRegen 0.14/turn               d - +6 ring of strength

@: about to teleport, strong-willed, corroded, on berserk cooldown,
regenerating, slowed, very slow
A: horns 2, retaliatory headbutt, clever 1
a: Renounce Religion, Berserk, Trog's Hand, Brothers in Arms


You were on level 2 of the Orcish Mines.
You worshipped Trog.
Trog was greatly pleased with you.
You visited 3 branches of the dungeon, and saw 22 of its levels.

You collected 2474 gold pieces.
You spent 414 gold pieces at shops.


Innate Abilities, Weirdness & Mutations

You have a pair of horns on your head.
You reflexively headbutt those who attack you in melee.
Your mind is acute. (Int +4, Str/Dex -1)


   Skills:
 - Level 18.0 Fighting
 - Level 18.0 Axes
 - Level 4.0 Throwing
 + Level 15.8 Armour
 - Level 7.0 Dodging
 - Level 15.7 Shields


You had 14 spell levels left.
You didn't know any spells.
Your spell library was empty.

Inventory:

Hand Weapons
 k - a +1 hand axe of flaming
 Y - a +1 broad axe (weapon)
Missiles
 z - 5 boomerangs (quivered)
Armour
 b - a +2 hat (worn)
 c - a +0 pair of gloves (worn)
 f - a +0 plate armour (worn)
 r - a +0 pair of boots (worn)
 u - a +0 kite shield (worn)
 v - a +1 cloak of stealth (worn)
Jewellery
 d - a +6 ring of strength (right hand)
 g - a ring of poison resistance (left hand)
 i - a ring of protection from fire
 m - an amulet of regeneration (around neck)
 n - a ring of poison resistance
 x - a +6 ring of dexterity
Wands
 o - a wand of digging (12)
Scrolls
 a - 12 scrolls of identify
 q - 11 scrolls of teleportation
Potions
 e - 7 potions of mutation
 h - 2 potions of haste
 j - 7 potions of heal wounds
 l - 14 potions of curing
 p - 4 potions of resistance
 s - 8 potions of might

Dungeon Overview and Level Annotations

Branches:
Dungeon (15/15)            Temple (0/1) D:5            Lair (5/5) D:10
  Swamp (0/4) Lair:2        Snake (0/4) Lair:2        Slime (0/5) Lair:5
    Orc (2/2) D:12            Elf (0/3) Orc:2        Vaults (0/5) D:14
 Depths (0/4) D:15

Altars:
Gozag
Nemelex Xobeh
Trog
Uskayaw
Vehumet
Xom
Yredelemnul
Jiyva

Shops:
D:2 *   D:3 (   Orc:2 =!

Annotations:
D:10 1 runed translucent door, qw's ghost, journeyman GrFi
D:12 3 runed translucent doors, Uwkeq's ghost, journeyman MiFi
D:14 4 transporters
D:15 4 transporters
Lair:2 3 runed translucent doors, qw's ghost, journeyman MiBe
Lair:4 1 runed translucent door, qw's ghost, journeyman MiBe
Orc:1 6 transporters


Message History

You headbutt the orc!
You kill the orc!
Trog accepts your kill. The orc misses you.
The orc high priest prays to Beogh.
Send 'em back where they came from!
Trog shields your ally from puny magic! The orc knight barely misses you.
You hit the orc knight but do no damage.
Your headbutt misses the orc knight. You slice the orc!!
You kill the orc!
Trog accepts your kill.
You hit the orc.
Your ogre hits the orc with a +0 giant club!!!
The orc dies!
Trog accepts your kill.
The orc warlord hits you from afar with a +3 halberd of freezing!!
The orc warlord freezes you.
The orc high priest mumbles some strange prayers to Beogh.
An orc warrior comes into view. It is wielding a +0 war axe.
You closely miss the orc knight. You closely miss the orc warrior.
The orc high priest no longer looks unusually strong.
The orc warlord roars a battlecry!
The orc high priest goes into a battle-frenzy!
Your ogre completely misses the orc knight.
You slice the orc knight!! Your headbutt misses the orc knight.
The orc knight is heavily wounded.
You hit the orc warrior.
The orc hits your ogre with a +0 hand axe!
You block the orc warrior's attack.
The orc warlord hits you from afar with a +3 halberd of freezing!!
The orc warlord freezes you!
Your ogre closely misses the orc.
28074 ||| READING 12 scrolls of teleportation.
As you read the scroll of teleportation, it crumbles to dust.
You feel strangely unstable. You block the orc knight's attack.
The orc hits your ogre but does no damage.
You block the orc warrior's attack.
The orc warlord hits you from afar with a +3 halberd of freezing!!
You die...

##...#.#...##
##....#..##.#. ####
##+###.....#....#.8
#\..##...##.....##....\.
..........#....##..#..\.
...4....##...#.....#..
oooo..##...#.....#.#
#ooO###...##....#.. #@#
#.....#..#..\. #.#
#.....#.....\.
######'###.....##.#.#8.
#..#.....##....#..#..#.
#..#).)..###......#..##
#..#.(#..####...#.....#
#.....#...#.#..##......
#..)..#...'............
##.###########....#..#.


You could see an orc warlord (strong), an orc knight (strong), an orc high
priest (strong), an ice devil (summoned), 2 orc warriors, an orc (strong, ally
target) and a friendly ogre (summoned, berserk).

Vanquished Creatures
  Jorgrun (Orc:2)
  Rupert (D:12)
  Snorg (D:12)
  Harold (D:9)
  2 boulder beetles
  9 hydras
  An ogre mage (D:15)
  A catoblepas (Lair:4)
  11 two-headed ogres
  6 centaur warriors
  A death knight (D:13)
  12 death yaks
  A tengu warrior (D:14)
  7 skeletal warriors
  A deep troll (D:14)
  A glowing orange brain (shapeshifter) (D:15)
  3 wizards
  A lindwurm (Lair:5)
  A necromancer (D:15)
  5 orc knights
  4 deep elf pyromancers
  A wolf spider (Lair:5)
  4 ugly things
  5 cyclopes
  7 orc sorcerers
  19 elephants
  6 black mambas
  A naga mage (D:15)
  6 cane toads
  A gargoyle (D:11)
  2 centaur skeletons (D:15)
  A kobold demonologist (D:10)
  An unseen horror (shapeshifter) (D:14)
  2 unseen horrors
  7 komodo dragons
  7 rime drakes
  A freezing wraith (D:11)
  Psyche (D:9)
  12 polar bears
  A tengu conjurer (D:14)
  7 trolls
  A queen bee (shapeshifter) (D:13)
  6 raiju (Lair:5)
  A harpy skeleton (D:15)
  Grinder (D:3)
  5 slime creatures (D:12)
  4 saltlings (Orc:2)
  Prince Ribbit (D:9)
  17 blink frogs
  2 dream sheep (Lair:5)
  A dream sheep (shapeshifter) (D:15)
  Sigmund (D:3)
  Eustachio (D:6)
  4 wyverns
  2 wraiths
  33 yaks
  2 vampire mosquitoes (D:11)
  6 basilisks
  5 wargs
  5 nagas (Lair:2)
  An acid dragon (D:14)
  A water moccasin (shapeshifter) (D:15)
  39 water moccasins
  13 hell hounds (Lair:5)
  3 ice beasts
  A sky beast (D:7)
  16 orc warriors
  14 ogres
  16 black bears
  16 centaurs
  23 wolves
  4 phantoms
  Blork the orc (D:5)
  2 kobold brigands
  12 bullfrogs
  2 wyvern zombies (D:8)
  4 necrophages
  4 scorpions
  10 wights (D:8)
  13 killer bees
  A troll zombie (D:12)
  5 howler monkeys
  An electric eel (Lair:3)
  A human zombie (D:8)
  2 jellies
  12 orc priests
  4 hounds
  3 gnoll boudas
  4 iguanas (D:5)
  8 orc wizards
  A boggart zombie (D:15)
  Natasha (thrice) (D:3)
  6 hell rats (Lair:5)
  A killer bee zombie (D:8)
  5 ogre zombies (D:12)
  A boggart simulacrum (D:15)
  2 mummies (D:8)
  A howler monkey zombie (D:8)
  11 gnolls
  23 adders
  3 white imps
  2 ufetubi (D:4)
  A worm (D:2)
  3 dart slugs
  56 orcs
  A bat (D:1)
  2 endoplasms
  3 giant cockroaches
  5 goblins
  10 hobgoblins
  9 jackals
  3 quokkas
  3 ball pythons (D:3)
  3 frilled lizards
  3 goblin skeletons (D:12)
  A goblin zombie (D:12)
  2 hobgoblin zombies (D:12)
  14 kobolds
  An orc skeleton (D:12)
  12 orc zombies (D:12)
  3 rats
  2 pillars of salt (Orc:2)
693 creatures vanquished.

Vanquished Creatures (collateral kills)
  A hydra (Lair:5)
  3 death yaks (Lair:5)
  A black mamba (Lair:5)
  A rime drake (Lair:5)
  2 hornets (Lair:5)
  2 orc priests (Orc:2)
  An orc (Orc:2)
11 creatures vanquished.

Vanquished Creatures (others)
  A bush (Lair:5)
  26 fungi
  46 plants
  2 withered plants (Lair:4)
75 creatures vanquished.

Grand Total: 779 creatures vanquished

Notes
Turn   | Place    | Note
-------+----------+-------------------------------------------
     0 | D:1      | qw the Minotaur Berserker began the quest for the Orb.
     0 | D:1      | Reached XP level 1. HP: 19/19 MP: 0/0
     0 | D:1      | 0 ||| qw: Version: 0.1-a-119-g272c26d
     0 | D:1      | 0 ||| qw: Game counter: 10803
     0 | D:1      | 0 ||| qw: Always use a shield: true
     0 | D:1      | 0 ||| qw: Do Orc after D:15 true
     0 | D:1      | 0 ||| qw: Do second Lair branch before Depths: true
     0 | D:1      | 0 ||| qw: Lair rune preference: random
     0 | D:1      | 0 ||| qw: Plans: Normal
     0 | D:1      | 0 ||| PLANNING D:1-11
   699 | D:1      | Reached XP level 2. HP: 24/26 MP: 1/1
   880 | D:1      | 880 ||| Stepping ~*~*~tactically~*~*~ (stealth).
   995 | D:1      | Found a faded altar of an unknown god.
  1443 | D:1      | 1443 ||| UPGRADING to +0 ring mail.
  1453 | D:1      | 1453 ||| DROPPING +0 animal skin.
  1454 | D:1      | 1454 ||| READING 2 scrolls labelled GIEMPO QEFUING.
  1455 | D:1      | 1455 ||| READING scroll labelled HAEDOV AXELUAL.
  1456 | D:1      | 1456 ||| READING scroll labelled ANTO YSIOTT.
  1557 | D:2      | Reached XP level 3. HP: 31/31 MP: 2/2
  1624 | D:2      | 1624 ||| DROPPING +0 club.
  1667 | D:2      | 1667 ||| INVOKING Berserk.
  1865 | D:2      | Found Tala's Assorted Antiques.
  1868 | D:2      | 1868 ||| SHOPLISTING chain mail (130 gold, have 87).
  1868 | D:2      | 1868 ||| BUYING clear potion (26 gold).
  1868 | D:2      | Bought a clear potion for 26 gold pieces
  1868 | D:2      | 1868 ||| BUYING sapphire potion (26 gold).
  1868 | D:2      | Bought a sapphire potion for 26 gold pieces
  1868 | D:2      | 1868 ||| BUYING sapphire potion (26 gold).
  1868 | D:2      | Bought a sapphire potion for 26 gold pieces
  1868 | D:2      | 1868 ||| SHOPLISTING scroll labelled NUNODGH QITYI (29
                  | gold, have 9).
  1868 | D:2      | 1868 ||| SHOPLISTING scroll of identify (58 gold, have 9).
  1947 | D:2      | Found a shimmering altar of Xom.
  2076 | D:2      | 2076 ||| Stepping ~*~*~tactically~*~*~ (stealth).
  2083 | D:2      | 2083 ||| Stepping ~*~*~tactically~*~*~ (stealth).
  2237 | D:2      | 2237 ||| UPGRADING to ring of poison resistance.
  2238 | D:2      | 2238 ||| READING scroll labelled VAG FOTUDOKA.
  2239 | D:2      | 2239 ||| READING 3 scrolls labelled ZULIEM GUTAGH.
  2372 | D:2      | 2372 ||| DRINKING 2 sapphire potions.
  2477 | D:2      | 2477 ||| READING 2 scrolls of identify.
  2477 | D:2      | 2477 ||| IDENTIFYING golden potion
  2478 | D:2      | 2478 ||| DROPPING potion of brilliance.
  2479 | D:2      | 2479 ||| DROPPING 2 scrolls of torment.
  2480 | D:2      | 2480 ||| DROPPING potion of berserk rage.
  2525 | D:3      | 2525 ||| Stepping ~*~*~tactically~*~*~ (stealth).
  2526 | D:3      | 2526 ||| Stepping ~*~*~tactically~*~*~ (stealth).
  2529 | D:3      | 2529 ||| Stepping ~*~*~tactically~*~*~ (stealth).
  2530 | D:3      | Found Mueleon's Weapon Emporium.
  2531 | D:3      | 2531 ||| Stepping ~*~*~tactically~*~*~ (stealth).
  2534 | D:3      | 2534 ||| Stepping ~*~*~tactically~*~*~ (stealth).
  2537 | D:3      | 2537 ||| Stepping ~*~*~tactically~*~*~ (stealth).
  2539 | D:3      | 2539 ||| Stepping ~*~*~tactically~*~*~ (stealth).
  2543 | D:3      | Reached ** piety under Trog
  2579 | D:3      | 2579 ||| DROPPING +0 mace.
  2593 | D:3      | Noticed a centaur
  2598 | D:3      | 2598 ||| INVOKING Berserk.
  2600 | D:3      | Killed a centaur
  2600 | D:3      | HP: 11/46 [frilled lizard (3)]
  2601 | D:3      | Reached skill level 6 in Axes
  2601 | D:3      | Reached XP level 4. HP: 14/39 MP: 3/3
  2601 | D:3      | Reached XP level 5. HP: 17/45 MP: 4/4
  2921 | D:3      | Noticed Natasha
  2922 | D:3      | 2922 ||| Stepping ~*~*~tactically~*~*~ (hiding).
  2924 | D:3      | 2924 ||| Stepping ~*~*~tactically~*~*~ (hiding).
  2925 | D:3      | 2925 ||| Stepping ~*~*~tactically~*~*~ (hiding).
  2928 | D:3      | 2928 ||| INVOKING Berserk.
  2932 | D:3      | Killed Natasha
  3015 | D:3      | 3015 ||| Stepping ~*~*~tactically~*~*~ (stealth).
  3016 | D:3      | 3016 ||| Stepping ~*~*~tactically~*~*~ (stealth).
  3112 | D:3      | Noticed Sigmund
  3113 | D:3      | 3113 ||| Stepping ~*~*~tactically~*~*~ (hiding).
  3115 | D:3      | 3115 ||| Stepping ~*~*~tactically~*~*~ (hiding).
  3116 | D:3      | 3116 ||| Stepping ~*~*~tactically~*~*~ (hiding).
  3117 | D:3      | 3117 ||| Stepping ~*~*~tactically~*~*~ (hiding).
  3120 | D:3      | 3120 ||| INVOKING Berserk.
  3134 | D:3      | Killed Sigmund
  3135 | D:3      | Reached XP level 6. HP: 28/52 MP: 5/5
  3158 | D:3      | Noticed Natasha
  3166 | D:3      | Killed Natasha
  3245 | D:3      | 3245 ||| Stepping ~*~*~tactically~*~*~ (stealth).
  3254 | D:3      | 3254 ||| FLEEEEING.
  3255 | D:3      | 3255 ||| FLEEEEING.
  3256 | D:3      | 3256 ||| FLEEEEING.
  3260 | D:3      | 3260 ||| FLEEEEING.
  3347 | D:3      | 3347 ||| INVOKING Berserk.
  3512 | D:3      | 3512 ||| Stepping ~*~*~tactically~*~*~ (stealth).
  3565 | D:3      | Noticed Grinder
  3566 | D:3      | 3566 ||| INVOKING Trog's Hand.
  3567 | D:3      | 3567 ||| Stepping ~*~*~tactically~*~*~ (hiding).
  3569 | D:3      | 3569 ||| INVOKING Berserk.
  3579 | D:3      | Killed Grinder
  3580 | D:3      | Reached skill level 9 in Axes
  3580 | D:3      | Reached XP level 7. HP: 59/59 MP: 6/6
  3982 | D:3      | Noticed Natasha
  3985 | D:3      | 3985 ||| INVOKING Berserk.
  3987 | D:3      | Killed Natasha
  4203 | D:3      | 4203 ||| READING scroll labelled NUNODGH QITYI.
  4206 | D:3      | 4206 ||| DRINKING 2 clear potions.
  4302 | D:4      | Found a radiant altar of Vehumet.
  4440 | D:4      | 4440 ||| FLEEEEING.
  4446 | D:4      | 4446 ||| STAIRDANCE
  4483 | D:3      | 4483 ||| UPGRADING to +0 chain mail.
  4493 | D:3      | 4493 ||| DROPPING +0 ring mail.
  4494 | D:3      | 4494 ||| DROPPING +2 leather armour of poison resistance.
  4495 | D:3      | 4495 ||| READING scroll labelled ESTUXZ SACHERCH.
  4496 | D:3      | 4496 ||| READING scroll labelled PAOHOUQ IMME.
  4497 | D:3      | 4497 ||| DRINKING 2 murky dark potions.
  4498 | D:3      | 4498 ||| DRINKING 2 metallic silvery potions.
  4524 | D:3      | 4524 ||| READING 2 scrolls of identify.
  4524 | D:3      | 4524 ||| IDENTIFYING bubbling ruby potion
  4525 | D:3      | 4525 ||| DROPPING potion of degeneration.
  4526 | D:3      | 4526 ||| DROPPING potion of lignification.
  4542 | D:4      | 4542 ||| Stepping ~*~*~tactically~*~*~ (hiding).
  4543 | D:4      | 4543 ||| Stepping ~*~*~tactically~*~*~ (hiding).
  4546 | D:4      | 4546 ||| Stepping ~*~*~tactically~*~*~ (hiding).
  4550 | D:4      | 4550 ||| INVOKING Berserk.
  4586 | D:4      | 4586 ||| FLEEEEING.
  4590 | D:4      | 4590 ||| STAIRDANCE
  4715 | D:4      | 4715 ||| DROPPING +0 flail.
  4738 | D:4      | 4738 ||| SWAPPING to +0 war axe.
  4739 | D:4      | 4739 ||| DROPPING +1 hand axe.
  4740 | D:4      | 4740 ||| READING scroll of enchant weapon.
  4740 | D:4      | 4740 ||| ENCHANTING +0 war axe.
  5108 | D:5      | Entered Level 5 of the Dungeon
  5116 | D:5      | Reached skill level 3 in Armour
  5116 | D:5      | 5116 ||| STAIRDANCE
  5163 | D:5      | Noticed Blork the orc
  5164 | D:5      | 5164 ||| INVOKING Berserk.
  5167 | D:5      | Killed Blork the orc
  5339 | D:5      | 5339 ||| INVOKING Berserk.
  5341 | D:5      | Reached skill level 1 in Throwing
  5416 | D:5      | Found a staircase to the Ecumenical Temple.
  5440 | D:5      | 5440 ||| INVOKING Berserk.
  5443 | D:5      | Reached skill level 6 in Fighting
  5443 | D:5      | Reached XP level 8. HP: 70/70 MP: 7/7
  5448 | D:5      | 5448 ||| Stepping ~*~*~tactically~*~*~ (stealth).
  5733 | D:5      | 5733 ||| Stepping ~*~*~tactically~*~*~ (stealth).
  5838 | D:5      | 5838 ||| INVOKING Berserk.
  5976 | D:5      | 5976 ||| Stepping ~*~*~tactically~*~*~ (hiding).
  6213 | D:5      | 6213 ||| DROPPING amulet of faith.
  6214 | D:5      | 6214 ||| READING 3 scrolls labelled YTWUNOYLLY.
  6215 | D:5      | 6215 ||| DRINKING 2 bubbling red potions.
  6216 | D:5      | 6216 ||| DRINKING 3 fuming sapphire potions.
  6217 | D:5      | 6217 ||| READING 2 scrolls of identify.
  6217 | D:5      | 6217 ||| IDENTIFYING yellow potion
  6218 | D:5      | 6218 ||| DROPPING 2 scrolls of noise.
  6219 | D:5      | 6219 ||| DROPPING potion of flight.
  6220 | D:5      | 6220 ||| DROPPING potion of attraction.
  6472 | D:6      | 6472 ||| INVOKING Berserk.
  6621 | D:6      | 6621 ||| INVOKING Berserk.
  6626 | D:6      | Reached skill level 12 in Axes
  6926 | D:6      | Noticed Eustachio
  6929 | D:6      | 6929 ||| INVOKING Berserk.
  6956 | D:6      | Killed Eustachio
  7105 | D:6      | 7105 ||| INVOKING Berserk.
  7106 | D:6      | 7106 ||| INVOKING Berserk.
  7109 | D:6      | Reached XP level 9. HP: 41/79 MP: 8/8
  7863 | D:6      | 7863 ||| UPGRADING to +2 hat.
  7868 | D:6      | 7868 ||| UPGRADING to +0 plate armour.
  7878 | D:6      | 7878 ||| DROPPING +0 chain mail.
  7879 | D:6      | 7879 ||| READING scroll labelled DAESER GENAIM.
  7880 | D:6      | 7880 ||| READING scroll labelled SEQAOBLOSOC.
  7945 | D:7      | 7945 ||| Stepping ~*~*~tactically~*~*~ (stealth).
  7946 | D:7      | 7946 ||| Stepping ~*~*~tactically~*~*~ (stealth).
  8028 | D:7      | 8028 ||| Stepping ~*~*~tactically~*~*~ (stealth).
  8031 | D:7      | 8031 ||| Stepping ~*~*~tactically~*~*~ (hiding).
  8040 | D:7      | 8040 ||| INVOKING Berserk.
  8110 | D:7      | 8110 ||| Stepping ~*~*~tactically~*~*~ (stealth).
  8365 | D:7      | 8365 ||| Stepping ~*~*~tactically~*~*~ (stealth).
  8367 | D:7      | 8367 ||| Stepping ~*~*~tactically~*~*~ (hiding).
  8371 | D:7      | 8371 ||| INVOKING Berserk.
  8510 | D:7      | 8510 ||| INVOKING Berserk.
  8534 | D:7      | Reached skill level 6 in Armour
  8622 | D:7      | 8622 ||| Stepping ~*~*~tactically~*~*~ (hiding).
  8626 | D:7      | 8626 ||| INVOKING Berserk.
  8772 | D:7      | 8772 ||| INVOKING Berserk.
  9196 | D:7      | Found a hide-covered altar of Uskayaw.
  9196 | D:7      | Found a shimmering altar of Xom.
  9196 | D:7      | Found an opulent altar of Gozag.
  9382 | D:7      | 9382 ||| READING 3 scrolls of identify.
  9382 | D:7      | 9382 ||| IDENTIFYING brown potion
  9383 | D:7      | 9383 ||| READING 2 scrolls of identify.
  9383 | D:7      | 9383 ||| IDENTIFYING metallic amethyst potion
  9384 | D:7      | 9384 ||| DROPPING potion of magic.
  9413 | D:8      | 9413 ||| STAIRDANCE
  9459 | D:8      | 9459 ||| Stepping ~*~*~tactically~*~*~ (stealth).
  9586 | D:8      | 9586 ||| INVOKING Berserk.
  9775 | D:8      | 9775 ||| SWAPPING to +3 war axe.
  9776 | D:8      | 9776 ||| DROPPING +1 war axe of chaos.
  9877 | D:8      | 9877 ||| Stepping ~*~*~tactically~*~*~ (stealth).
  9879 | D:8      | 9879 ||| Stepping ~*~*~tactically~*~*~ (hiding).
  9880 | D:8      | 9880 ||| Stepping ~*~*~tactically~*~*~ (hiding).
  9887 | D:8      | Reached XP level 10. HP: 87/88 MP: 9/9
  9895 | D:8      | 9895 ||| Stepping ~*~*~tactically~*~*~ (stealth).
  9897 | D:8      | 9897 ||| Stepping ~*~*~tactically~*~*~ (stealth).
  9908 | D:8      | Reached *** piety under Trog
  9909 | D:8      | Reached skill level 15 in Axes
 10011 | D:8      | 10011 ||| Stepping ~*~*~tactically~*~*~ (stealth).
 10012 | D:8      | 10012 ||| Stepping ~*~*~tactically~*~*~ (stealth).
 10161 | D:8      | 10161 ||| INVOKING Berserk.
 10177 | D:8      | HP: 22/90 [white imp (1)]
 10178 | D:8      | 10178 ||| READING scroll of teleportation.
 10179 | D:8      | 10179 ||| DRINKING 4 potions of heal wounds.
 10189 | D:8      | Reached skill level 9 in Fighting
 10239 | D:8      | 10239 ||| FLEEEEING.
 10240 | D:8      | 10240 ||| FLEEEEING.
 10241 | D:8      | 10241 ||| FLEEEEING.
 10242 | D:8      | 10242 ||| FLEEEEING.
 10243 | D:8      | 10243 ||| FLEEEEING.
 10244 | D:8      | 10244 ||| FLEEEEING.
 10245 | D:8      | 10245 ||| FLEEEEING.
 10246 | D:8      | 10246 ||| FLEEEEING.
 10247 | D:8      | 10247 ||| FLEEEEING.
 10248 | D:8      | 10248 ||| FLEEEEING.
 10249 | D:8      | 10249 ||| FLEEEEING.
 10254 | D:8      | 10254 ||| FLEEEEING.
 10255 | D:8      | 10255 ||| FLEEEEING.
 10256 | D:8      | 10256 ||| FLEEEEING.
 10257 | D:8      | 10257 ||| FLEEEEING.
 10258 | D:8      | 10258 ||| FLEEEEING.
 10259 | D:8      | 10259 ||| FLEEEEING.
 10260 | D:8      | 10260 ||| FLEEEEING.
 10261 | D:8      | 10261 ||| FLEEEEING.
 10264 | D:8      | 10264 ||| FLEEEEING.
 10265 | D:8      | 10265 ||| FLEEEEING.
 10266 | D:8      | 10266 ||| FLEEEEING.
 10267 | D:8      | 10267 ||| FLEEEEING.
 10268 | D:8      | 10268 ||| FLEEEEING.
 10269 | D:8      | 10269 ||| FLEEEEING.
 10270 | D:8      | 10270 ||| FLEEEEING.
 10271 | D:8      | 10271 ||| FLEEEEING.
 10272 | D:8      | 10272 ||| FLEEEEING.
 10273 | D:8      | 10273 ||| FLEEEEING.
 10274 | D:8      | 10274 ||| FLEEEEING.
 10275 | D:8      | 10275 ||| FLEEEEING.
 10276 | D:8      | 10276 ||| FLEEEEING.
 10278 | D:8      | 10278 ||| FLEEEEING.
 10285 | D:8      | 10285 ||| FLEEEEING.
 10286 | D:8      | 10286 ||| FLEEEEING.
 10287 | D:8      | 10287 ||| FLEEEEING.
 10288 | D:8      | 10288 ||| FLEEEEING.
 10289 | D:8      | 10289 ||| FLEEEEING.
 10290 | D:8      | 10290 ||| FLEEEEING.
 10291 | D:8      | 10291 ||| STAIRDANCE
 10400 | D:7      | 10400 ||| UPGRADING to +6 ring of strength.
 10401 | D:7      | 10401 ||| READING scroll labelled WOCAHYTZEWI.
 10486 | D:8      | 10486 ||| Stepping ~*~*~tactically~*~*~ (stealth).
 10503 | D:8      | Reached skill level 3 in Dodging
 10557 | D:8      | 10557 ||| INVOKING Berserk.
 10672 | D:8      | 10672 ||| INVOKING Berserk.
 10893 | D:8      | Found a basalt altar of Yredelemnul.
 10971 | D:8      | 10971 ||| DRINKING 2 sedimented red potions.
 10971 | D:8      | Gained mutation: Your mind is acute. (Int +4, Str/Dex -1)
                  | [potion of mutation]
 11040 | D:9      | 11040 ||| FLEEEEING.
 11041 | D:9      | 11041 ||| FLEEEEING.
 11042 | D:9      | 11042 ||| FLEEEEING.
 11043 | D:9      | 11043 ||| FLEEEEING.
 11044 | D:9      | 11044 ||| FLEEEEING.
 11045 | D:9      | 11045 ||| FLEEEEING.
 11046 | D:9      | 11046 ||| STAIRDANCE
 11120 | D:9      | 11120 ||| INVOKING Berserk.
 11126 | D:9      | 11126 ||| STAIRDANCE
 11277 | D:9      | 11277 ||| INVOKING Berserk.
 11277 | D:9      | Noticed Prince Ribbit
 11297 | D:9      | Killed Prince Ribbit
 11502 | D:9      | Noticed Psyche
 11524 | D:9      | Killed Psyche
 11646 | D:9      | Noticed Harold
 11653 | D:9      | 11653 ||| INVOKING Berserk.
 11659 | D:9      | Killed Harold
 12104 | D:9      | Noticed a two-headed ogre
 12109 | D:9      | 12109 ||| INVOKING Berserk.
 12112 | D:9      | Noticed a two-headed ogre
 12113 | D:9      | Killed a two-headed ogre
 12114 | D:9      | Reached XP level 11. HP: 101/101 MP: 10/10
 12119 | D:9      | Killed a two-headed ogre
 12292 | D:9      | 12292 ||| UPGRADING to amulet of regeneration.
 12297 | D:9      | 12297 ||| READING scroll labelled RIUVVA RUEFIJESETT.
 12298 | D:9      | 12298 ||| READING 2 scrolls of identify.
 12298 | D:9      | 12298 ||| IDENTIFYING blue potion
 12318 | D:10     | Entered Level 10 of the Dungeon
 12378 | D:10     | 12378 ||| Stepping randomly (disturbance).
 12379 | D:10     | 12379 ||| Stepping randomly (disturbance).
 12461 | D:10     | 12461 ||| INVOKING Berserk.
 12470 | D:10     | Reached skill level 9 in Armour
 12615 | D:10     | 12615 ||| INVOKING Berserk.
 12754 | D:10     | 12754 ||| Stepping ~*~*~tactically~*~*~ (hiding).
 12756 | D:10     | 12756 ||| Stepping ~*~*~tactically~*~*~ (hiding).
 12758 | D:10     | 12758 ||| INVOKING Berserk.
 12975 | D:10     | Reached skill level 12 in Fighting
 13081 | D:10     | Found a runed translucent door.
 13085 | D:10     | Noticed qw's ghost (journeyman GrFi)
 13233 | D:10     | Found a staircase to the Lair.
 13243 | D:10     | 13243 ||| INVOKING Berserk.
 13454 | D:10     | 13454 ||| PLANNING LAIR
 13454 | D:10     | 13454 ||| READING scroll labelled QAUNIA POESIGH.
 13492 | Lair:1   | Entered Level 1 of the Lair of Beasts
 13524 | Lair:1   | 13524 ||| INVOKING Berserk.
 13696 | Lair:1   | Noticed a five-headed hydra
 13697 | Lair:1   | 13697 ||| Stepping ~*~*~tactically~*~*~ (stealth).
 13705 | Lair:1   | 13705 ||| Stepping ~*~*~tactically~*~*~ (stealth).
 13714 | Lair:1   | 13714 ||| SWAPPING to +0 morningstar of protection.
 13715 | Lair:1   | 13715 ||| INVOKING Berserk.
 13719 | Lair:1   | Killed a five-headed hydra
 13724 | Lair:1   | 13724 ||| SWAPPING to +3 war axe.
 13889 | Lair:1   | Reached **** piety under Trog
 13906 | Lair:1   | 13906 ||| INVOKING Berserk.
 13979 | Lair:1   | 13979 ||| INVOKING Berserk.
 14719 | Lair:2   | 14719 ||| Stepping ~*~*~tactically~*~*~ (stealth).
 14733 | Lair:2   | Reached XP level 12. HP: 112/116 MP: 11/11
 14763 | Lair:2   | Found a staircase to the Swamp.
 14789 | Lair:2   | Noticed a death yak
 14789 | Lair:2   | Noticed a death yak
 14790 | Lair:2   | Noticed a death yak
 14790 | Lair:2   | Noticed a death yak
 14792 | Lair:2   | Noticed a death yak
 14793 | Lair:2   | 14793 ||| Stepping ~*~*~tactically~*~*~ (stealth).
 14793 | Lair:2   | Noticed a death yak
 14794 | Lair:2   | 14794 ||| Stepping ~*~*~tactically~*~*~ (stealth).
 14795 | Lair:2   | 14795 ||| INVOKING Berserk.
 14804 | Lair:2   | Killed a death yak
 14806 | Lair:2   | Killed a death yak
 14807 | Lair:2   | Reached skill level 3 in Throwing
 14810 | Lair:2   | Killed a death yak
 14813 | Lair:2   | Killed a death yak
 14814 | Lair:2   | Killed a death yak
 14817 | Lair:2   | Killed a death yak
 14921 | Lair:2   | Found a runed translucent gate.
 14922 | Lair:2   | Found a runed translucent gate.
 14924 | Lair:2   | Found a runed translucent gate.
 14925 | Lair:2   | Noticed qw's ghost (journeyman MiBe)
 14927 | Lair:2   | Noticed a minotaur
 15028 | Lair:2   | 15028 ||| Stepping ~*~*~tactically~*~*~ (hiding).
 15033 | Lair:2   | 15033 ||| Stepping ~*~*~tactically~*~*~ (hiding).
 15034 | Lair:2   | 15034 ||| Stepping ~*~*~tactically~*~*~ (hiding).
 15036 | Lair:2   | 15036 ||| Stepping ~*~*~tactically~*~*~ (stealth).
 15046 | Lair:2   | 15046 ||| INVOKING Berserk.
 15119 | Lair:2   | Found a staircase to the Snake Pit.
 15303 | Lair:2   | 15303 ||| Stepping ~*~*~tactically~*~*~ (stealth).
 15328 | Lair:2   | Reached skill level 15 in Fighting
 15745 | Lair:2   | 15745 ||| DRINKING 2 white potions.
 15846 | Lair:2   | 15846 ||| DROPPING potion of ambrosia.
 16066 | Lair:3   | 16066 ||| Stepping ~*~*~tactically~*~*~ (stealth).
 16068 | Lair:3   | 16068 ||| Stepping ~*~*~tactically~*~*~ (stealth).
 16074 | Lair:3   | 16074 ||| Stepping ~*~*~tactically~*~*~ (stealth).
 16076 | Lair:3   | Reached skill level 12 in Armour
 16095 | Lair:3   | 16095 ||| INVOKING Berserk.
 16123 | Lair:3   | Reached skill level 6 in Dodging
 16239 | Lair:3   | 16239 ||| READING scroll of brand weapon.
 16239 | Lair:3   | 16239 ||| BRANDING +3 war axe.
 16255 | Lair:3   | 16255 ||| Stepping ~*~*~tactically~*~*~ (hiding).
 16448 | Lair:3   | Noticed a four-headed hydra
 16449 | Lair:3   | 16449 ||| INVOKING Brothers in Arms.
 16451 | Lair:3   | 16451 ||| SWAPPING to +0 morningstar of protection.
 16452 | Lair:3   | 16452 ||| INVOKING Berserk.
 16454 | Lair:3   | Killed a four-headed hydra
 16459 | Lair:3   | 16459 ||| SWAPPING to +3 war axe of protection.
 16632 | Lair:3   | 16632 ||| Stepping ~*~*~tactically~*~*~ (stealth).
 16643 | Lair:3   | Noticed an eight-headed hydra
 16647 | Lair:3   | 16647 ||| SWAPPING to +0 morningstar of protection.
 16649 | Lair:3   | 16649 ||| INVOKING Berserk.
 16665 | Lair:3   | Killed an eight-headed hydra
 16669 | Lair:3   | 16669 ||| SWAPPING to +3 war axe of protection.
 16674 | Lair:3   | Reached XP level 13. HP: 86/128 MP: 12/12
 17053 | Lair:3   | 17053 ||| UPGRADING to +0 pair of boots.
 17058 | Lair:3   | 17058 ||| UPGRADING to +0 buckler.
 17063 | Lair:3   | 17063 ||| DROPPING amulet of the acrobat.
 17078 | Lair:4   | 17078 ||| Stepping ~*~*~tactically~*~*~ (stealth).
 17080 | Lair:4   | 17080 ||| Stepping ~*~*~tactically~*~*~ (hiding).
 17084 | Lair:4   | 17084 ||| INVOKING Berserk.
 17098 | Lair:4   | 17098 ||| Stepping ~*~*~tactically~*~*~ (cloud).
 17110 | Lair:4   | Reached skill level 3 in Shields
 17171 | Lair:4   | Identified the +0 ring mail "Juuv" {*Corrode rN+ Str+4}
 17181 | Lair:4   | 17181 ||| Stepping ~*~*~tactically~*~*~ (stealth).
 17182 | Lair:4   | 17182 ||| Stepping ~*~*~tactically~*~*~ (stealth).
 17184 | Lair:4   | 17184 ||| Stepping ~*~*~tactically~*~*~ (stealth).
 17195 | Lair:4   | 17195 ||| INVOKING Brothers in Arms.
 17197 | Lair:4   | 17197 ||| INVOKING Brothers in Arms.
 17198 | Lair:4   | 17198 ||| SWAPPING to +0 morningstar of protection.
 17199 | Lair:4   | 17199 ||| INVOKING Berserk.
 17206 | Lair:4   | 17206 ||| SWAPPING to +3 war axe of protection.
 17215 | Lair:4   | Reached skill level 6 in Shields
 17357 | Lair:4   | 17357 ||| INVOKING Berserk.
 17587 | Lair:4   | Found a runed translucent door.
 17587 | Lair:4   | Noticed qw's ghost (journeyman MiBe)
 17632 | Lair:4   | Found a frozen archway.
 17658 | Lair:4   | 17658 ||| Stepping ~*~*~tactically~*~*~ (stealth).
 17660 | Lair:4   | 17660 ||| Stepping ~*~*~tactically~*~*~ (stealth).
 17667 | Lair:4   | 17667 ||| Stepping ~*~*~tactically~*~*~ (stealth).
 17692 | Lair:4   | 17692 ||| Stepping ~*~*~tactically~*~*~ (stealth).
 17693 | Lair:4   | 17693 ||| Stepping ~*~*~tactically~*~*~ (stealth).
 17695 | Lair:4   | 17695 ||| Stepping ~*~*~tactically~*~*~ (stealth).
 17697 | Lair:4   | 17697 ||| Stepping ~*~*~tactically~*~*~ (hiding).
 17698 | Lair:4   | 17698 ||| INVOKING Berserk.
 17860 | Lair:4   | 17860 ||| Stepping ~*~*~tactically~*~*~ (stealth).
 17996 | Lair:4   | 17996 ||| INVOKING Brothers in Arms.
 17997 | Lair:4   | 17997 ||| INVOKING Brothers in Arms.
 17998 | Lair:4   | 17998 ||| INVOKING Brothers in Arms.
 17999 | Lair:4   | 17999 ||| INVOKING Brothers in Arms.
 18000 | Lair:4   | 18000 ||| INVOKING Brothers in Arms.
 18001 | Lair:4   | 18001 ||| INVOKING Brothers in Arms.
 18002 | Lair:4   | 18002 ||| SWAPPING to +0 morningstar of protection.
 18003 | Lair:4   | 18003 ||| INVOKING Berserk.
 18034 | Lair:4   | 18034 ||| SWAPPING to +3 war axe of protection.
 18148 | Lair:4   | 18148 ||| Stepping ~*~*~tactically~*~*~ (stealth).
 18150 | Lair:4   | 18150 ||| INVOKING Berserk.
 18199 | Lair:4   | 18199 ||| Stepping ~*~*~tactically~*~*~ (stealth).
 18330 | Lair:4   | 18330 ||| Stepping ~*~*~tactically~*~*~ (stealth).
 18332 | Lair:4   | 18332 ||| Stepping ~*~*~tactically~*~*~ (stealth).
 18335 | Lair:4   | 18335 ||| INVOKING Berserk.
 18345 | Lair:4   | Reached skill level 9 in Shields
 18394 | Lair:4   | 18394 ||| SWAPPING to +0 morningstar of protection.
 18396 | Lair:4   | 18396 ||| INVOKING Berserk.
 18406 | Lair:4   | 18406 ||| SWAPPING to +3 war axe of protection.
 18799 | Lair:5   | Entered Level 5 of the Lair of Beasts
 18799 | Lair:5   | Found a staircase to the Slime Pits.
 18799 | Lair:5   | Found a viscous altar of Jiyva.
 18812 | Lair:5   | 18812 ||| Stepping ~*~*~tactically~*~*~ (stealth).
 18876 | Lair:5   | 18876 ||| Stepping ~*~*~tactically~*~*~ (stealth).
 18877 | Lair:5   | 18877 ||| Stepping ~*~*~tactically~*~*~ (stealth).
 18906 | Lair:5   | 18906 ||| Stepping ~*~*~tactically~*~*~ (stealth).
 18935 | Lair:5   | 18935 ||| INVOKING Berserk.
 19126 | Lair:5   | 19126 ||| Stepping ~*~*~tactically~*~*~ (stealth).
 19128 | Lair:5   | 19128 ||| Stepping ~*~*~tactically~*~*~ (stealth).
 19130 | Lair:5   | 19130 ||| Stepping ~*~*~tactically~*~*~ (stealth).
 19132 | Lair:5   | 19132 ||| Stepping ~*~*~tactically~*~*~ (stealth).
 19133 | Lair:5   | 19133 ||| INVOKING Berserk.
 19171 | Lair:5   | 19171 ||| INVOKING Berserk.
 19409 | Lair:5   | 19409 ||| INVOKING Berserk.
 19416 | Lair:5   | Reached XP level 14. HP: 140/140 MP: 13/13
 19604 | Lair:5   | 19604 ||| Stepping ~*~*~tactically~*~*~ (stealth).
 19621 | Lair:5   | 19621 ||| Stepping ~*~*~tactically~*~*~ (hiding).
 19701 | Lair:5   | 19701 ||| Stepping ~*~*~tactically~*~*~ (stealth).
 19703 | Lair:5   | 19703 ||| Stepping ~*~*~tactically~*~*~ (stealth).
 19714 | Lair:5   | 19714 ||| Stepping ~*~*~tactically~*~*~ (stealth).
 19737 | Lair:5   | 19737 ||| Stepping ~*~*~tactically~*~*~ (stealth).
 19740 | Lair:5   | 19740 ||| Stepping ~*~*~tactically~*~*~ (stealth).
 19744 | Lair:5   | 19744 ||| Stepping ~*~*~tactically~*~*~ (hiding).
 19745 | Lair:5   | 19745 ||| Stepping ~*~*~tactically~*~*~ (stealth).
 19751 | Lair:5   | 19751 ||| Stepping ~*~*~tactically~*~*~ (stealth).
 19754 | Lair:5   | 19754 ||| INVOKING Berserk.
 19805 | Lair:5   | 19805 ||| FLEEEEING.
 19832 | Lair:5   | 19832 ||| Stepping ~*~*~tactically~*~*~ (stealth).
 19835 | Lair:5   | 19835 ||| Stepping ~*~*~tactically~*~*~ (stealth).
 19842 | Lair:5   | 19842 ||| Stepping ~*~*~tactically~*~*~ (hiding).
 19868 | Lair:5   | 19868 ||| Stepping ~*~*~tactically~*~*~ (stealth).
 19909 | Lair:5   | 19909 ||| Stepping ~*~*~tactically~*~*~ (stealth).
 19915 | Lair:5   | 19915 ||| INVOKING Berserk.
 19943 | Lair:5   | 19943 ||| Stepping ~*~*~tactically~*~*~ (stealth).
 20045 | Lair:5   | 20045 ||| Stepping ~*~*~tactically~*~*~ (hiding).
 20052 | Lair:5   | 20052 ||| Stepping ~*~*~tactically~*~*~ (stealth).
 20053 | Lair:5   | 20053 ||| INVOKING Berserk.
 20180 | Lair:5   | 20180 ||| Stepping ~*~*~tactically~*~*~ (hiding).
 20181 | Lair:5   | 20181 ||| Stepping ~*~*~tactically~*~*~ (hiding).
 20208 | Lair:5   | 20208 ||| Stepping ~*~*~tactically~*~*~ (stealth).
 20215 | Lair:5   | 20215 ||| Stepping ~*~*~tactically~*~*~ (hiding).
 20226 | Lair:5   | Reached ***** piety under Trog
 20257 | Lair:5   | 20257 ||| Stepping ~*~*~tactically~*~*~ (stealth).
 20342 | Lair:5   | 20342 ||| Stepping ~*~*~tactically~*~*~ (stealth).
 20553 | Lair:5   | 20553 ||| Stepping ~*~*~tactically~*~*~ (stealth).
 20560 | Lair:5   | 20560 ||| Stepping ~*~*~tactically~*~*~ (stealth).
 20568 | Lair:5   | 20568 ||| Stepping ~*~*~tactically~*~*~ (hiding).
 20583 | Lair:5   | 20583 ||| Stepping ~*~*~tactically~*~*~ (stealth).
 20586 | Lair:5   | 20586 ||| Stepping ~*~*~tactically~*~*~ (hiding).
 20587 | Lair:5   | 20587 ||| Stepping ~*~*~tactically~*~*~ (hiding).
 20588 | Lair:5   | 20588 ||| FLEEEEING.
 20589 | Lair:5   | 20589 ||| Stepping ~*~*~tactically~*~*~ (stealth).
 20590 | Lair:5   | 20590 ||| INVOKING Brothers in Arms.
 20591 | Lair:5   | 20591 ||| INVOKING Brothers in Arms.
 20592 | Lair:5   | 20592 ||| INVOKING Brothers in Arms.
 20593 | Lair:5   | 20593 ||| INVOKING Berserk.
 20598 | Lair:5   | Reached skill level 18 in Fighting
 20622 | Lair:5   | 20622 ||| INVOKING Brothers in Arms.
 20624 | Lair:5   | 20624 ||| SWAPPING to +0 morningstar of protection.
 20628 | Lair:5   | 20628 ||| SWAPPING to +3 war axe of protection.
 20710 | Lair:5   | 20710 ||| Stepping ~*~*~tactically~*~*~ (stealth).
 20723 | Lair:5   | 20723 ||| Stepping ~*~*~tactically~*~*~ (hiding).
 20772 | Lair:5   | 20772 ||| INVOKING Brothers in Arms.
 20775 | Lair:5   | 20775 ||| SWAPPING to +0 morningstar of protection.
 20776 | Lair:5   | 20776 ||| INVOKING Berserk.
 20791 | Lair:5   | 20791 ||| SWAPPING to +3 war axe of protection.
 20897 | Lair:5   | Identified the +1 shortbow of Makhleb, Hammering {speed,
                  | Fragile rElec rF+ rN++}
 21112 | Lair:5   | 21112 ||| PLANNING D:1-11
 21112 | Lair:5   | 21112 ||| UPGRADING to +0 kite shield.
 21122 | Lair:5   | 21122 ||| DROPPING +0 buckler.
 21123 | Lair:5   | 21123 ||| UPGRADING to +1 cloak of stealth.
 21275 | D:11     | 21275 ||| INVOKING Brothers in Arms.
 21276 | D:11     | 21276 ||| Stepping ~*~*~tactically~*~*~ (hiding).
 21277 | D:11     | 21277 ||| INVOKING Brothers in Arms.
 21278 | D:11     | 21278 ||| SWAPPING to +0 morningstar of protection.
 21279 | D:11     | 21279 ||| INVOKING Berserk.
 21308 | D:11     | 21308 ||| SWAPPING to +3 war axe of protection.
 21513 | D:11     | 21513 ||| DROPPING +0 morningstar of protection.
 21719 | D:11     | 21719 ||| Stepping ~*~*~tactically~*~*~ (stealth).
 21723 | D:11     | Reached skill level 12 in Shields
 21918 | D:11     | 21918 ||| Stepping ~*~*~tactically~*~*~ (stealth).
 22150 | D:11     | 22150 ||| PLANNING D
 22150 | D:11     | 22150 ||| READING scroll labelled TEVUOQ RESHI.
 22204 | D:12     | Noticed Rupert
 22205 | D:12     | 22205 ||| INVOKING Trog's Hand.
 22209 | D:12     | 22209 ||| INVOKING Berserk.
 22217 | D:12     | Killed Rupert
 22355 | D:12     | Found a bloodstained altar of Trog.
 22390 | D:12     | 22390 ||| FLEEEEING.
 22391 | D:12     | 22391 ||| FLEEEEING.
 22392 | D:12     | 22392 ||| FLEEEEING.
 22436 | D:12     | Noticed Snorg
 22440 | D:12     | 22440 ||| INVOKING Berserk.
 22445 | D:12     | Killed Snorg
 22616 | D:12     | Found a staircase to the Orcish Mines.
 22618 | D:12     | 22618 ||| Stepping ~*~*~tactically~*~*~ (stealth).
 22642 | D:12     | 22642 ||| Stepping ~*~*~tactically~*~*~ (stealth).
 22672 | D:12     | 22672 ||| Stepping ~*~*~tactically~*~*~ (stealth).
 22673 | D:12     | 22673 ||| Stepping ~*~*~tactically~*~*~ (stealth).
 22677 | D:12     | 22677 ||| Stepping ~*~*~tactically~*~*~ (stealth).
 22680 | D:12     | 22680 ||| Stepping ~*~*~tactically~*~*~ (stealth).
 22693 | D:12     | 22693 ||| Stepping ~*~*~tactically~*~*~ (stealth).
 22742 | D:12     | 22742 ||| Stepping ~*~*~tactically~*~*~ (stealth).
 22843 | D:12     | Found a runed translucent gate.
 22844 | D:12     | Found a runed translucent gate.
 22845 | D:12     | Found a runed translucent gate.
 22849 | D:12     | Noticed Uwkeq's ghost (journeyman MiFi)
 23295 | D:12     | Identified the +2 dagger of the Winnowing Gods {holy, Drain
                  | Int+7 SInv Stlth+}
 23295 | D:12     | Identified the +1 robe of the Accordion {Harm}
 23310 | D:12     | 23310 ||| UPGRADING to +0 pair of gloves.
 23376 | D:13     | 23376 ||| INVOKING Berserk.
 23615 | D:13     | Reached XP level 15. HP: 149/149 MP: 14/14
 23703 | D:13     | 23703 ||| Stepping ~*~*~tactically~*~*~ (hiding).
 23704 | D:13     | 23704 ||| Stepping ~*~*~tactically~*~*~ (hiding).
 23707 | D:13     | 23707 ||| Stepping ~*~*~tactically~*~*~ (hiding).
 23708 | D:13     | 23708 ||| Stepping ~*~*~tactically~*~*~ (stealth).
 23783 | D:13     | You fall into a shaft and drop 2 floors!
 23783 | D:15     | Entered Level 15 of the Dungeon
 23857 | D:15     | 23857 ||| Stepping ~*~*~tactically~*~*~ (hiding).
 23862 | D:15     | 23862 ||| INVOKING Berserk.
 23921 | D:15     | 23921 ||| INVOKING Berserk.
 23932 | D:15     | 23932 ||| INVOKING Trog's Hand.
 23959 | D:15     | 23959 ||| INVOKING Trog's Hand.
 24070 | D:15     | Found a transporter.
 24098 | D:15     | 24098 ||| SWAPPING to +0 broad axe.
 24115 | D:15     | 24115 ||| Stepping ~*~*~tactically~*~*~ (stealth).
 24117 | D:15     | 24117 ||| DROPPING +3 war axe of protection.
 24119 | D:15     | 24119 ||| INVOKING Berserk.
 24250 | D:15     | 24250 ||| SWAPPING to +2 morningstar of protection.
 24251 | D:15     | 24251 ||| INVOKING Berserk.
 24258 | D:15     | 24258 ||| SWAPPING to +0 broad axe.
 24403 | D:14     | 24403 ||| INVOKING Trog's Hand.
 24445 | D:14     | Found a transporter.
 24467 | D:14     | 24467 ||| Stepping ~*~*~tactically~*~*~ (hiding).
 24469 | D:14     | 24469 ||| INVOKING Berserk.
 24532 | D:14     | 24532 ||| READING scroll of enchant weapon.
 24532 | D:14     | 24532 ||| ENCHANTING +0 broad axe.
 24542 | D:14     | Found a transporter.
 24900 | D:14     | 24900 ||| INVOKING Trog's Hand.
 24905 | D:14     | 24905 ||| INVOKING Berserk.
 25031 | D:14     | Found a gate to the Vaults.
 25207 | D:14     | 25207 ||| Stepping ~*~*~tactically~*~*~ (hiding).
 25209 | D:14     | 25209 ||| Stepping ~*~*~tactically~*~*~ (hiding).
 25260 | D:14     | Found a transporter.
 25333 | D:14     | Found a transporter.
 25387 | D:14     | 25387 ||| READING scroll labelled HASANU FIUMI.
 25416 | D:15     | 25416 ||| Stepping ~*~*~tactically~*~*~ (hiding).
 25431 | D:15     | 25431 ||| INVOKING Berserk.
 25572 | D:15     | 25572 ||| FLEEEEING.
 25573 | D:15     | 25573 ||| FLEEEEING.
 25847 | D:15     | 25847 ||| DRINKING 13 potions of curing.
 25847 | D:15     | 25847 ||| (to cure confusion)
 25868 | D:15     | Found a transporter.
 25900 | D:15     | Found a transporter.
 25940 | D:15     | Found a transporter.
 26079 | D:15     | 26079 ||| INVOKING Trog's Hand.
 26082 | D:15     | 26082 ||| INVOKING Berserk.
 26086 | D:15     | Reached skill level 18 in Axes
 26111 | D:15     | 26111 ||| FLEEEEING.
 26116 | D:15     | 26116 ||| STAIRDANCE
 26244 | D:15     | Found a staircase to the Depths.
 26252 | D:15     | Reached skill level 15 in Shields
 26269 | D:15     | Reached skill level 15 in Armour
 26276 | D:15     | 26276 ||| PLANNING ORC
 26350 | Orc:1    | Entered Level 1 of the Orcish Mines
 26411 | Orc:1    | 26411 ||| Stepping ~*~*~tactically~*~*~ (stealth).
 26442 | Orc:1    | Found a transporter.
 26463 | Orc:1    | Found a transporter.
 26463 | Orc:1    | Found a transporter.
 26464 | Orc:1    | Found a sparkling altar of Nemelex Xobeh.
 26464 | Orc:1    | Noticed a juggernaut
 26469 | Orc:1    | Found a transporter.
 26471 | Orc:1    | Found a transporter.
 26475 | Orc:1    | Found a transporter.
 26584 | Orc:1    | 26584 ||| Stepping ~*~*~tactically~*~*~ (stealth).
 26857 | Orc:1    | 26857 ||| INVOKING Berserk.
 27095 | Orc:2    | Entered Level 2 of the Orcish Mines
 27095 | Orc:2    | Found a staircase to the Elven Halls.
 27097 | Orc:2    | 27097 ||| STAIRDANCE
 27110 | Orc:2    | 27110 ||| STAIRDANCE
 27141 | Orc:2    | Noticed Jorgrun
 27142 | Orc:2    | 27142 ||| INVOKING Brothers in Arms.
 27144 | Orc:2    | 27144 ||| DRINKING potion of cancellation.
 27146 | Orc:2    | 27146 ||| INVOKING Berserk.
 27152 | Orc:2    | Killed Jorgrun
 27598 | Orc:2    | 27598 ||| Stepping ~*~*~tactically~*~*~ (hiding).
 27618 | Orc:2    | 27618 ||| DROPPING +2 morningstar of protection.
 27735 | Orc:2    | 27735 ||| Stepping ~*~*~tactically~*~*~ (hiding).
 27740 | Orc:2    | 27740 ||| INVOKING Trog's Hand.
 27741 | Orc:2    | 27741 ||| INVOKING Berserk.
 27894 | Orc:2    | 27894 ||| Stepping ~*~*~tactically~*~*~ (hiding).
 27895 | Orc:2    | 27895 ||| INVOKING Berserk.
 27914 | Orc:2    | 27914 ||| Stepping ~*~*~tactically~*~*~ (hiding).
 27915 | Orc:2    | 27915 ||| INVOKING Brothers in Arms.
 28025 | Orc:2    | Found Kolan's Distillery.
 28031 | Orc:2    | 28031 ||| BUYING 2 potions of heal wounds (140 gold).
 28031 | Orc:2    | Bought 2 potions of heal wounds for 140 gold pieces
 28031 | Orc:2    | 28031 ||| BUYING potion of curing (42 gold).
 28031 | Orc:2    | Bought a potion of curing for 42 gold pieces
 28031 | Orc:2    | 28031 ||| BUYING potion of curing (42 gold).
 28031 | Orc:2    | Bought a potion of curing for 42 gold pieces
 28031 | Orc:2    | 28031 ||| BUYING potion of might (56 gold).
 28031 | Orc:2    | Bought a potion of might for 56 gold pieces
 28031 | Orc:2    | 28031 ||| BUYING potion of might (56 gold).
 28031 | Orc:2    | Bought a potion of might for 56 gold pieces
 28045 | Orc:2    | 28045 ||| INVOKING Trog's Hand.
 28046 | Orc:2    | 28046 ||| INVOKING Berserk.
 28065 | Orc:2    | Found Kolobi's Jewellery Shoppe.
 28065 | Orc:2    | Noticed an orc warlord
 28070 | Orc:2    | 28070 ||| INVOKING Brothers in Arms.
 28073 | Orc:2    | HP: 28/149 [orc warlord/+3 halberd of freezing (28)]
 28074 | Orc:2    | 28074 ||| READING 12 scrolls of teleportation.
 28074 | Orc:2    | Mangled by an orc warlord

Levels and vault maps discovered:
D:1:      dpeg_arrival_boxes_within_box, layout_loops_corners,
          chequers_ecumenical_altar_grove, hex_tiny, minmay_tromino_i2
D:2:      minmay_angry_zag, layout_basic, serial_shops,
          nicolae_shop_hallway_stairs, basic_altar
D:3:      layout_basic, serial_shops, nicolae_shop_bloodbath_and_beyond,
          uniq_grinder, uniq_sigmund, uniq_natasha
D:4:      layout_loops_ring, mainiacjoe_overflow_small_starburst,
          kennysheep_diamond
D:5:      layout_loops_cross, minmay_temple_entry_statues, uniq_blork_the_orc
D:6:      layout_basic, uniq_eustachio
D:7:      layout_basic, gammafunk_temple_overflow_forgotten
D:8:      layout_basic, lemuel_mausoleum_altar_yredelemnul
D:9:      layout_gridville, uniq_harold, uniq_psyche, uniq_prince_ribbit1
D:10:     layout_big_octagon, david_lair_shrubbed, gammafunk_ghost_grave,
          hangedman_decor_push, nicolae_straight_to_the_point
D:11:     layout_cave_pods, minmay_checkerbox
D:12:     layout_long_grid, zombieorc1_lemuel, biasface_ghost_orc_armoury,
          bloody_trog, uniq_snorg, uniq_rupert
D:13:     layout_cave_pools
D:14:     layout_irregular_city, david_vaults_4,
          nicolae_transporter_intersection
D:15:     grunt_enter_depths_magical_seal, layout_basic, chequers_avenue,
          nicolae_diode_intersection
Lair:1:   layout_chaotic_city, hibernation_bobbens
Lair:2:   layout_layer_cave, swamp_mist, minmay_snake_entry_guardpost_medium,
          maelrawn_ghost_gauntlet_escape
Lair:3:   lemuel_reptile_caves, layout_long_grid
Lair:4:   layout_regular_city, portal_ice_cave_rime, gammafunk_ghost_grave,
          lemuel_fruit_tree
Lair:5:   hangedman_lair_in_review, layout_cave_pods,
          hangedman_lair_caniforms_friends, slime_entry_1, enter_volcano_3
Orc:1:    layout_caves, hellmonk_jugg_or_not
Orc:2:    hellmonk_orc_salted, layout_caves, basic_altar,
          nicolae_orc_flooded_monolith, uniq_jorgrun

Skill      XL: |  1  2  3  4  5  6  7  8  9 10 11 12 13 14 15 |
---------------+----------------------------------------------+-----
Axes           | 4 5 6 8 9 10 12 14 16 18 | 18.0
Fighting       | 4 6 7 8 10 13 16 17 18 | 18.0
Armour         | 3 4 6 7 10 12 13 14 15 | 15.8
Throwing       | 1 3 4 |  4.0
Dodging        | 3 4 6 7 |  7.0
Shields        | 10 13 15 | 15.7

Action                   |  1- 3 |  4- 6 |  7- 9 | 10-12 | 13-15 || total
-------------------------+-------+-------+-------+-------+-------++-------
Melee: Hand axe          |   103 |    57 |    32 |       |       ||   192
       Headbutt          |    15 |     5 |    37 |    85 |   258 ||   400
       Punch             |     2 |       |     4 |     2 |       ||     8
       War axe           |       |       |   198 |   447 |   751 ||  1396
       Morningstar       |       |       |       |    26 |    26 ||    52
       Broad axe         |       |       |       |       |   348 ||   348
Throw: Boomerang         |    29 |    13 |    62 |    52 |   126 ||   282
Invok: Berserk           |     2 |     4 |    16 |    20 |    34 ||    76
       Trog's Hand       |       |     1 |       |       |     8 ||     9
       Brothers in Arms  |       |       |       |     1 |     9 ||    10
  Use: Scroll            |     6 |       |    11 |     6 |     4 ||    27
       Potion            |     1 |       |     5 |     3 |     2 ||    11
 Stab: Distracted        |       |       |       |     1 |     1 ||     2
Armor: Animal skin       |     9 |       |       |       |       ||     9
       Ring mail         |    11 |     7 |     8 |       |       ||    26
       Chain mail        |       |       |    49 |       |       ||    49
       Plate armour      |       |       |    36 |   236 |   569 ||   841
Dodge: Dodged            |    53 |    17 |    65 |   168 |   338 ||   641
Block: Buckler           |       |       |       |       |   124 ||   124
       Kite shield       |       |       |       |       |   267 ||   267

Table legend:
 A = Non-vault XP
 B = Vault XP
 C = Vault XP percentage of total XP
 D = Non-vault monster count
 E = Vault monster count
 F = Vault count percentage of total count
                 A         B        C        D         E       F
            +---------+---------+-------+---------+---------+-------
      Total |  101026 |   47962 |  32.2 |     486 |     216 |  30.8
            +---------+---------+-------+---------+---------+-------
        D:1 |      30 |       4 |  11.8 |      16 |       2 |  11.1
        D:2 |      24 |      14 |  36.8 |      11 |       2 |  15.4
        D:3 |     274 |     533 |  66.0 |      29 |       3 |   9.4
        D:4 |      86 |      44 |  33.8 |      10 |       3 |  23.1
        D:5 |     757 |     102 |  11.9 |      16 |       1 |   5.9
        D:6 |    1230 |     211 |  14.6 |      18 |       1 |   5.3
        D:7 |    1287 |       0 |   0.0 |      25 |       0 |   0.0
        D:8 |    2529 |     692 |  21.5 |      38 |      12 |  24.0
        D:9 |    3060 |    1458 |  32.3 |      17 |       3 |  15.0
       D:10 |    3436 |     355 |   9.4 |      22 |       1 |   4.3
       D:11 |    3098 |    2027 |  39.6 |       9 |       4 |  30.8
       D:12 |    3538 |    3300 |  48.3 |       9 |      31 |  77.5
       D:13 |    7129 |       0 |   0.0 |      17 |       0 |   0.0
       D:14 |    7133 |    1756 |  19.8 |      15 |       3 |  16.7
       D:15 |   13578 |    4088 |  23.1 |      26 |      10 |  27.8
     Lair:1 |    4817 |       0 |   0.0 |      22 |       0 |   0.0
     Lair:2 |    8691 |     800 |   8.4 |      18 |       5 |  21.7
     Lair:3 |    5685 |    2935 |  34.0 |      20 |      36 |  64.3
     Lair:4 |   12500 |     737 |   5.6 |      35 |       2 |   5.4
     Lair:5 |   15118 |   20194 |  57.2 |      49 |      79 |  61.7
      Orc:1 |    4061 |       0 |   0.0 |      36 |       0 |   0.0
      Orc:2 |    2965 |    8712 |  74.6 |      28 |      18 |  39.1
            +---------+---------+-------+---------+---------+-------
